AoeStats
← Xtreme | ticohzao

African Clearing

505982594Analyzed
4v4 RM · 21d ago on Sep 11, 2026· 41m 22s· 8 players
Game mode
Random Map
Map size
Large (8 player)
Population
200
Speed
Normal
Resources
Standard
Victory
Conquest
Starting age
Dark Age
Ending age
Imperial Age
RankedLock teamsTeams togetherTeam positionsShared explorationLock speedFull tech treeHidden civsTurbo modeCheats
Victory
Defeat
🇲🇽 Saracens · Mexico
1572
+10
🇲🇽 Koreans · Mexico
1450
+15
🇺🇸 Slavs · United States
1399
+17
🇲🇽 Tupi · Mexico
1379
+19
🇧🇷 Chinese · Brazil
1488
-17
🇧🇷 Gurjaras · Brazil
1423
-15
🇦🇷 Tatars · Argentina
1416
-15
🇧🇷 Vietnamese · Brazil
1411
-14
ValkriaN
6:18 Loom
14:38 Feudal Age
15:28 Double-Bit Axe
15:33 Horse Collar
19:44 Wheelbarrow
25:38 Fletching
28:40 Castle Age
Xtreme | Rayden
3:35 Loom
13:45 Feudal Age
18:23 Castle Age
16:51 Double-Bit Axe
20:35 Bow Saw
23:28 Fletching
26:10 Bodkin Arrow
27:06 Horse Collar
27:19 Gold Mining
28:31 Padded Archer Armor
30:56 Ballistics
31:48 Leather Archer Armor
35:15 Imperial Age
34:00 Masonry
34:01 Heavy Plow
34:38 Gold Shaft Mining
33:53 Stone Mining
36:12 Bracer
37:14 Chemistry
37:58 Elite Chu Ko Nu
39:52 Ring Archer Armor
40:28 Two-Man Saw
39:14 Town Watch
40:59 Stone Shaft Mining
41:10 Architecture
NEUROMANCER
9:06 Loom
12:36 Feudal Age
14:03 Double-Bit Axe
15:22 Fletching
21:59 Town Watch
24:53 Castle Age
24:46 Horse Collar
27:12 Bow Saw
Xtreme | ticohzao
3:00 Loom
12:33 Feudal Age
19:14 Castle Age
26:27 Double-Bit Axe
RKs Raggz
3:54 Loom
12:43 Feudal Age
12:58 Feudal Age
14:59 Double-Bit Axe
17:17 Castle Age
18:28 Fletching
21:36 Wheelbarrow
24:00 Bodkin Arrow
28:00 Hand Cart
28:56 Husbandry
34:11 Imperial Age
34:56 Bracer
36:29 Thumb Ring
36:38 Town Watch
36:42 Elite War Wagon
37:44 Conscription
40:10 Chemistry
39:31 Ballistics
DuckySkydiver69
6:21 Loom
13:36 Feudal Age
15:22 Fletching
38:20 Horse Collar
38:32 Double-Bit Axe
40:55 Castle Age
Moris )
6:59 Loom
12:31 Feudal Age
10:49 Loom
13:42 Double-Bit Axe
16:08 Fletching
17:16 Forging
21:30 Castle Age
19:50 Gold Mining
20:37 Padded Archer Armor
22:50 Bodkin Arrow
23:08 Crossbowman
26:44 Wheelbarrow
32:37 Horse Collar
33:12 Bow Saw
33:25 Hand Cart
33:56 Ballistics
39:22 Imperial Age
38:33 Town Watch
39:57 Heavy Plow
39:25 Arbalester
40:06 Bracer
41:14 Chemistry
40:34 Thumb Ring
42:21 Coinage
moramora48
10:33 Loom
12:49 Feudal Age
16:29 Castle Age
15:11 Fletching
16:23 Double-Bit Axe
24:17 Bodkin Arrow
26:41 Wheelbarrow
30:27 Hand Cart
29:58 Town Watch
41:53 Imperial Age
40:01 Ballistics
40:11 Padded Archer Armor
Connection lost

Rejoining the realm…

Still unreachable

The connection could not be restored.

Session expired

The server has moved on; the page needs a fresh start.